Description

Probes > Army > Pylons > Tech Scout

Build Order

Get SALT Encoding   

  14  0:19  Pylon  
  16  0:39  Action (Chrono Boost)  
  16  0:44  Gateway  
  17  0:52  Assimilator  
  20  1:23  Nexus  
  20  1:33  Cybernetics Core  
  21  1:38  Pylon  
  22  1:42  Assimilator  
  23  2:10  Adept (Chrono Boost), Warp Gate  
  26  2:23  Robotics Facility  
  26  2:24  Shield Battery  
  29  2:32  Stalker  
  34  3:01  Sentry  
  39  3:12  Observer  
  41  3:17  Pylon  
  44  3:33  Immortal (Chrono Boost)  
  49  3:40  Forge, Twilight Council  
  50  3:43  Pylon  
  52  3:55  Assimilator x2  x2
  54  4:06  Immortal  
  58  4:12  Pylon  
  60  4:20  Protoss Ground Weapons Level 1  
  60  4:25  Pylon  
  60  4:27  Charge  
  60  4:35  Gateway x7  x7
  60  5:01  Templar Archives  
  60  5:08  Warp Prism  
  62  5:13  Zealot  + Archons
Spawning Tool Build Advisor. Get it on Overwolf

Go to:

Details

  • Created by: Elazaar
  • Published on: Nov 15, 2024
  • Modified on: Nov 16, 2024
  • Patch: 5.0.11
  • Difficulty: Medium
Show
View Real Time Build Order
Export as new Build Order

Comments (0)

There are no comments. Be the first!

Create an account to comment!